 Dungeon Crawl Stone Soup version 0.30-a0-620-g0e44632947 (webtiles) character file.

Game seed: 4890240806706928913

457 KristoblXynda the Trooper (level 6, 0/56 HPs)
             Began as a Draconian Monk on Jan 10, 2023.
             Slain by a wight
             ... wielding a +3 battleaxe
              (11 damage)
             ... on level 4 of the Dungeon.
             The game lasted 00:03:56 (3234 turns).

KristoblXynda the Trooper (Draconian Monk)          Turns: 3234, Time: 00:03:58

Health: 0/56       AC:  8    Str: 16    XL:     6   Next: 77%
Magic:  6/6        EV: 13    Int: 10    God:
Gold:   157        SH:  0    Dex: 13    Spells: 5/5 levels left

rFire   . . .      SeeInvis .    q - +2 dagger (holy)
rCold   . . .      Faith    .    (no shield)
rNeg    . . .      Spirit   .    (body armour unavailable)
rPois   +          Reflect  .    (helmet restricted)
rElec   .          Harm     .    f - scarf {repulsion}
rCorr   +          Rampage  .    j - +0 pair of gloves
Will    .....                    a - +0 pair of boots
Stlth   ++                       (no amulet)
HPRegen 0.29/turn                k - ring of poison resistance
MPRegen 0.10/turn                o - ring of resist corrosion

@: repel missiles
A: AC +6, unfitting armour, cold-blooded
a: no special abilities


You were on level 4 of the Dungeon.
You visited 1 branch of the dungeon, and saw 4 of its levels.

You collected 157 gold pieces.

Inventory:

Hand Weapons
 q - a +2 dagger of holy wrath (weapon)
Armour
 a - a +0 pair of boots (worn)
 f - a scarf of repulsion (worn)
 j - a +0 pair of gloves (worn)
Jewellery
 k - a ring of poison resistance (left hand)
 o - a ring of resist corrosion (right hand)
 p - a ring of ice
Scrolls
 c - a scroll of magic mapping {unknown}
 d - a scroll of teleportation
 e - 4 scrolls of fog
 g - a scroll of poison {unknown}
 l - a scroll of torment {unknown}
Potions
 h - a potion of curing {unknown}
 r - a potion of might


   Skills:
 + Level 5.0 Fighting
 + Level 4.6 Short Blades
 + Level 4.2 Dodging
 + Level 3.8 Stealth


You had 5 spell levels left.
You didn't know any spells.
Your spell library contained the following spells:

 Spells                   Type           Power      Damage    Failure   Level
 Freeze                   Ice            0%         1d3       36%         1
 Summon Small Mammal      Summ           0%         N/A       36%         1
 Blink                    Tloc           0%         N/A       50%         2
 Call Canine Familiar     Summ           0%         N/A       75%         3
 Frozen Ramparts          Ice            0%         1d1       75%         3
 Hailstorm                Conj/Ice       0%         3d3       75%         3
 Summon Guardian Golem    Hex/Summ       0%         N/A       75%         3
 Manifold Assault         Tloc           0%         N/A       98%         4
 Summon Ice Beast         Ice/Summ       0%         N/A       98%         4
 Summon Mana Viper        Hex/Summ       0%         N/A       100%        5
 Monstrous Menagerie      Summ           0%         N/A       100%        7
 Storm Form               Tmut/Air       0%         N/A       100%        7


Dungeon Overview and Level Annotations

Branches:
Dungeon (4/15)
 Temple: D:4-7

Altars:
Vehumet

Shops:
D:2 (   D:3 (


Innate Abilities, Weirdness & Mutations

Your plain brown scales are hard. (AC +6)
You cannot fit into any form of body armour.
You are cold-blooded and may be slowed by cold attacks.


Message History

The wight closely misses you.
You closely miss the wight.
Your tail-slap misses the wight.
The wight is almost destroyed.
The wight misses you.
You hit the wight but do no damage.
The wight is almost destroyed.
The wight barely misses you.
You closely miss the wight.
The wight is almost destroyed.
You hit the wight.
The wight convulses.
You destroy the wight!
Your life force feels restored.
Your Fighting skill increases to level 5!
You closely miss the wight. The wight barely misses you.
You hit the wight but do no damage. The wight misses you.
You hit the wight but do no damage. You hit the wight.
The wight convulses.
The wight is lightly damaged.
The wight closely misses you.
You hit the wight but do no damage.
The wight is lightly damaged.
The wight hits you with a +3 battleaxe!
* * * LOW HITPOINT WARNING * * *
You hit the wight but do no damage.
You tail-slap the wight, but do no damage.
The wight is lightly damaged.
The wight closely misses you.
You closely miss the wight.
Your tail-slap misses the wight.
The wight is lightly damaged.
You hit the wight but do no damage. You punch the wight.
The wight is moderately damaged.
The wight barely misses you.
You barely miss the wight.
The wight is moderately damaged.
The wight hits you with a +3 battleaxe.
* * * LOW HITPOINT WARNING * * *
You hit the wight.
The wight convulses.
The wight is heavily damaged.
The wight hits you with a +3 battleaxe!
You die...

##### #.# # #.#
# #.# #########
# #.###........
# #........####
# #####.##.# #
#.##.# #.##.#
#@##.#
##z##.###
#.......#####
#..##.#.#...
#..##.#.#.#####
#...)z.........
######...#..#.#
#............#
#.#..........#


You could see a wight.

Vanquished Creatures
  An ogre (D:4)
  4 wights
  An iguana (D:4)
  3 gnolls
  3 adders
  2 worms
  4 dart slugs
  4 ball pythons
  5 bats
  2 endoplasms
  4 giant cockroaches
  8 goblins
  8 hobgoblins
  6 jackals (D:1)
  7 kobolds
  5 quokkas
  A frilled lizard (D:1)
  8 rats
76 creatures vanquished.

Notes
Turn   | Place    | Note
-------+----------+-------------------------------------------
     0 | D:1      | KristoblXynda the Draconian Monk began the quest for the
                  | Orb.
     0 | D:1      | Reached XP level 1. HP: 19/19 MP: 1/1
   131 | D:1      | Reached XP level 2. HP: 19/26 MP: 2/2
   497 | D:1      | Reached XP level 3. HP: 33/33 MP: 3/3
  1024 | D:2      | Found Zitze Gero's Antique Weapon Shop.
  1401 | D:2      | Reached XP level 4. HP: 21/40 MP: 4/4
  1710 | D:3      | Reached skill level 4 in Fighting
  1879 | D:3      | Found Muggad's Antique Weapon Shop.
  2017 | D:3      | Found a radiant altar of Vehumet.
  2479 | D:3      | Reached XP level 5. HP: 27/46 MP: 5/5
  3035 | D:4      | Noticed an ogre
  3061 | D:4      | Killed an ogre
  3062 | D:4      | Reached XP level 6. HP: 29/53 MP: 6/6
  3225 | D:4      | Reached skill level 5 in Fighting
  3234 | D:4      | Slain by a wight

Illustrated notes

Levels and vault maps discovered:
D:1:      dpeg_arrival_rooms_a, layout_loops_cross
D:2:      layout_loops_ring, serial_shops,
          nicolae_shop_competitors_out_of_business, minmay_misc_feat_alley
D:3:      layout_loops_ring, nicolae_vehumet_altar_sigil, serial_shops,
          shop_statue
D:4:      layout_loops_ring, hangedman_decor_opposing

Skill      XL: |  1  2  3  4  5  6 |
---------------+-------------------+-----
Stealth        | 2 3 |  3.8
Dodging        | 3 4 |  4.2
Fighting       | 4 5 |  5.0
Short Blades   | 4 |  4.6

Action                   |  1- 3 |  4- 6 || total
-------------------------+-------+-------++-------
Melee: Short sword       |   188 |    69 ||   257
       Tailslap          |    20 |    22 ||    42
       Dagger            |       |   123 ||   123
       Punch             |       |     2 ||     2
  Use: Scroll            |       |     5 ||     5
       Potion            |       |     2 ||     2
 Stab: Sleeping          |     3 |     2 ||     5
Armor: Skin              |    52 |    45 ||    97
Dodge: Dodged            |   106 |   138 ||   244
       Repelled          |     4 |       ||     4

Table legend: (Time is in decaauts)
 A = Elapsed time spent in this place.
 B = Non-inter-level travel time spent in this place.
 C = Inter-level travel time spent in this place.
 D = Time resting spent in this place.
 E = Time spent auto-exploring this place.
 F = Levels seen in this place.
 G = Mean time per level.
                   A        B        C        D        E       F      G
               +--------+--------+--------+--------+--------+-----+--------+
         Total |   3172 |   3031 |    141 |    444 |   1899 |   4 |  793.0 |
       Dungeon |   3172 |   3031 |    141 |    444 |   1899 |   4 |  793.0 |
               +--------+--------+--------+--------+--------+-----+--------+

Top non-repeatable levels by time:
     D:3: 1106 daAuts
     D:1: 866 daAuts
     D:2: 759 daAuts
     D:4: 440 daAuts
